 Dungeon Crawl Stone Soup version 0.20.0-7-g3b7b877 (webtiles) character file.

573779 nikopol the Conqueror (level 27, -12/298 HPs)
             Began as a Gargoyle Berserker on May 28, 2017.
             Was the Champion of Trog.
             Splashed by an acid blob's acid (15 damage)
             ... on level 4 of the Pits of Slime on May 29, 2017.
             The game lasted 05:02:31 (81547 turns).

nikopol the Conqueror (Gargoyle Berserker)         Turns: 81547, Time: 05:02:32

Health: -12/298    AC: 32    Str: 31    XL:     27
Magic:  4/4        EV: 20    Int: 11    God:    Trog [******]
Gold:   5088       SH:  0    Dex: 25    Spells: 26/26 levels left

rFire    + . .     SeeInvis +   a - +9 battleaxe (antimagic)
rCold    + + +     Gourm    +   (shield currently unavailable)
rNeg     + + .     Faith    .   E - +8 scale mail of the Sacrificial Victim {rC+++ rN+ MP-9 Str+2}
rPois    ∞         Spirit   .   Q - +0 mask of the Dragon {MR+ Slay+3 SInv}
rElec    +         Reflect  .   R - +2 cloak
rCorr    .         Harm     .   G - +2 pair of gloves {archery}
MR       +++++     Rnd*Tele +   O - +0 pair of boots
Stlth    ..........             w - amulet of the gourmand
Regen    0.0/turn               b - ring "Varhetac" {rF+ MR+ Dex+9 SInv}
MPRegen  0.1/turn               v - ring of protection from magic

@: mighty, berserking (expiring), corroded, very quick
A: big wings, blurry vision 1, negative energy resistance 1, electricity
resistance, inhibited regeneration, teleportitis 1, unbreathing, petrification
resistance, rot immunity, subdued magic 1, AC +20
}: 2/15 runes: barnacled, gossamer
a: Fly, Berserk, Trog's Hand, Brothers in Arms, Burn Spellbooks, Renounce
Religion


You were on level 4 of the Pits of Slime.
You worshipped Trog.
Trog was exalted by your worship.
You were very hungry.

You visited 9 branches of the dungeon, and saw 48 of its levels.
You visited the Abyss 1 time.
You also visited: Sewer, Ice Cave and Desolation.

You collected 6136 gold pieces.
You spent 1048 gold pieces at shops.

Inventory:

Hand Weapons
 a - a +9 antimagic battleaxe (weapon)
 z - the +10 longbow of Heresy {speed, rN+ Str+4 Int+3 Dex-3}
   (Trog gifted it to you on level 4 of the Spider Nest)

   Attacks with this weapon are significantly faster.
   It affects your strength (+4).
   It affects your intelligence (+3).
   It affects your dexterity (-3).
   It protects you from negative energy.
 D - a +9 executioner's axe of draining
 H - the +8 frozen axe "Frostbite" {freezing cloud, *Noise +Fly rC+}
   (Trog gifted it to you on level 1 of the Spider Nest)

   It has been specially enchanted to freeze those struck by it, causing extra
   injury to most foes and up to half again as much damage against particularly
   susceptible opponents.
   It can also slow down cold-blooded creatures.
   It protects you from cold.
   It lets you fly.
   It may make noises in combat.
Missiles
 e - 1168 arrows (quivered)
Armour
 E - the +8 scale mail of the Sacrificial Victim (worn) {rC+++ rN+ MP-9 Str+2}
   (You found it on level 3 of the Shoals)

   It affects your strength (+2).
   It renders you almost immune to cold.
   It protects you from negative energy.
   It affects your magic capacity (-9).
 G - a +2 pair of gloves of archery (worn)
 O - a +0 pair of boots (worn)
 Q - the +0 mask of the Dragon (worn) {MR+ Slay+3 SInv}
   (You found it in an ice cave)

   It affects your accuracy and damage with ranged weapons and melee attacks
   (+3).
   It affects your resistance to hostile enchantments.
   It lets you see invisible.
 R - a +2 cloak (worn)
Jewellery
 b - the ring "Varhetac" (left hand) {rF+ MR+ Dex+9 SInv}
   (You took it off a spriggan berserker on level 4 of the Depths)

   [ring of see invisible]

   It affects your dexterity (+9).
   It protects you from fire.
   It affects your resistance to hostile enchantments.
   It lets you see invisible.
 q - an uncursed ring of protection from cold
 v - a ring of protection from magic (right hand)
 w - an amulet of the gourmand (around neck)
 W - an uncursed ring of protection from fire
Wands
 F - a wand of disintegration (20/24)
 L - a wand of digging (24/24)
Scrolls
 j - 5 scrolls of enchant weapon
 o - 3 scrolls of magic mapping
 s - 5 scrolls of identify
 t - 15 scrolls of remove curse
 u - 9 scrolls of fear
 C - 6 scrolls of recharging
 I - 10 scrolls of teleportation
 J - 6 scrolls of blinking
 K - 5 scrolls of fog
 V - 4 scrolls of enchant armour
Potions
 d - 2 potions of resistance
 g - 14 potions of heal wounds
 h - 21 potions of curing
 i - 5 potions of invisibility
 l - 5 potions of agility
 m - 3 potions of brilliance
 r - 8 potions of might
 B - 7 potions of haste
 M - 9 potions of cancellation
 N - 3 potions of magic
 P - 4 potions of ambrosia
Comestibles
 c - 25 bread rations
 f - 43 fruits
 p - 27 meat rations
 x - 13 royal jellies


   Skills:
 O Level 27 Fighting
 + Level 21.8 Axes
 + Level 23.4 Bows
 + Level 16.2 Armour
 + Level 9.4 Dodging
 + Level 5.0 Stealth
 + Level 0.6 Evocations


You had 26 spell levels left.
You didn't know any spells.

Dungeon Overview and Level Annotations

Branches:
Dungeon (15/15)            Temple (0/1) D:7            Lair (6/6) D:10
 Shoals (4/4) Lair:3       Spider (4/4) Lair:4        Slime (5/5) Lair:5
    Orc (2/2) D:10            Elf (3/3) Orc:2        Vaults (4/5) D:14
  Crypt (0/3) Vaults:3     Depths (5/5) D:15            Zot (0/5) Depths:5

Altars:
Ashenzari
Dithmenos
Elyvilon
Fedhas
Hepliaklqana
Kikubaaqudgha
Makhleb
Nemelex Xobeh
Okawaru
Sif Muna
Uskayaw
Vehumet
Xom
Yredelemnul
Zin
Beogh
Jiyva

Shops:
Orc:2 ([(=   Elf:2 ::![?   Shoals:3 *   Vaults:1 }(

Portals:
Hell: Depths:1 Depths:2 Depths:3 Depths:4 Depths:5
Abyss: Depths:1 Depths:3 Depths:4
Pandemonium: Depths:3
Ziggurat: Depths:2
Trove: Vaults:1 (give 7 scrolls of blinking)

Annotations:
Depths:1 exclusion: obsidian statue


Innate Abilities, Weirdness & Mutations

You are resistant to torment.
Your stone body is resilient. (AC +20)
You are immune to poison.
Your large and strong wings let you fly indefinitely.
You resist negative energy. (rN+)
You are resistant to electric shocks. (rElec)
You can survive without breathing.
You are immune to petrification.
You are immune to rotting.
Scrolls take you a little longer to read.
You do not regenerate when monsters are visible.
You are occasionally teleported next to monsters.
Your spells are a little easier to cast, but a little less powerful.


Message History

* * * LOW HITPOINT WARNING * * *
You slice the azure jelly!!
The azure jelly is severely wounded.
You slice the acid blob!!
Your hands burn!
* * * LOW HITPOINT WARNING * * *
The azure jelly completely misses you. The azure jelly closely misses you.
The azure jelly hits you but does no damage. x2
Your scale mail of the Sacrificial Victim prevents you from hitting the azure jelly.
The azure jelly is severely wounded.
You slash the acid blob!
Your hands burn!
* * * LOW HITPOINT WARNING * * *
The acid blob spits acid at you. The splash of acid misses you.
The azure jelly barely misses you.
The azure jelly hits you but does no damage.
The azure jelly completely misses you.
The azure jelly hits you but does no damage.
You feel a strong urge to attack something.
The acid blob spits acid at you. The splash of acid hits you!
You are splashed with acid!
The acid burns!
You die...

......>....#.............#
.........................# ##
........#.......#........##.##
...................#....#....#
.............................#
..............JJ............##
.....................#......#
#.....................#.....#
................@...........##
........................#....#
.............................#
.......................##.#.##
#.....#.......#......#.#...##
..................###...#.##
#......#.#..#.......##.####
##############.......###
.####.#.######.......#


You could see an acid blob and an azure jelly.

Vanquished Creatures
  the Royal Jelly (Slime:5)
  Dissolution (Slime:4)
  Mennas (Vaults:1)
  A juggernaut (Depths:2)
  Boris (Vaults:1)
  3 greater mummies (Depths:2)
  Saint Roka (Vaults:2)
  10 caustic shrikes (Depths:4)
  Nikola (Vaults:1)
  2 golden dragons
  Arachne (Spider:2)
  5 tentacled monstrosities
  2 deep elf master archers (Elf:3)
  3 deep elf blademasters (Elf:3)
  A quicksilver dragon (Depths:4)
  Asterion (Vaults:2)
  16 acid blobs
  A lich (Depths:3)
  7 sphinxes
  Gastronok (D:9)
  A kraken (Shoals:2)
  A tentacled starspawn (Abyss:1)
  Kirke (Lair:5)
  3 storm dragons
  2 thorn hunters (Depths:3)
  Agnes (Spider:1)
  The ghost of itsmu the Earth Mage, an adept DEEE of Sif Muna (Shoals:1)
  2 shadow dragons
  Donald (Elf:2)
  12 deep elf sorcerers
  4 fire giants
  16 azure jellies
  2 ghost moths
  Ilsuiw (Shoals:4)
  11 vault wardens
  9 frost giants
  3 imperial myrmidons (Desolation)
  Louise (Depths:3)
  A draconian knight (Depths:5)
  2 orc warlords
  3 emperor scorpions
  5 deep elf elementalists (Elf:3)
  Aizul (Vaults:4)
  A cacodemon (Abyss:1)
  A balrug (Depths:4)
  A draconian stormcaller (Depths:5)
  A draconian shifter (Abyss:1)
  A ghoul (Vaults:1)
  12 ironheart preservers
  19 stone giants
  A reaper (Depths:4)
  14 very ugly things
  2 spriggan defenders (Depths:5)
  3 war gargoyles
  2 green draconians (Depths:5)
  A juggernaut skeleton (Depths:4)
  A black draconian (Depths:5)
  4 vampire knights
  6 deep elf demonologists
  3 entropy weavers
  7 spark wasps
  2 red draconians (Depths:5)
  10 deep elf annihilators (Elf:3)
  6 deep elf death magi (Elf:3)
  A blizzard demon (Depths:4)
  11 ettins
  A white draconian (Depths:5)
  3 merfolk javelineers
  3 crystal guardians (Desolation)
  3 mummy priests (Depths:2)
  Snorg (D:13)
  8 merfolk impalers
  6 fire dragons
  7 ragged hierophants (Desolation)
  14 yaktaur captains
  5 jiangshi
  Josephine (D:10)
  7 death oozes
  15 deep elf high priests
  14 great orbs of eyes
  16 vault guards
  6 rakshasas
  4 servants of whispers (Desolation)
  9 hydras
  13 ice dragons
  4 peacekeepers (Desolation)
  3 merfolk avatars
  9 centaur warriors
  A two-headed ogre (shapeshifter) (Vaults:4)
  7 spriggan air magi
  2 merfolk aquamancers (Shoals:4)
  11 death yaks
  16 ogre magi
  5 death knights
  2 alligators (Depths:3)
  46 two-headed ogres
  15 tengu warriors
  12 deep troll shamans
  6 satyrs
  11 deep troll earth magi
  12 spriggan berserkers
  4 vampire magi
  20 dancing weapons
  2 orc high priests
  7 skeletal warriors
  3 soul eaters (Depths:4)
  5 sun demons
  21 deep elf knights
  2 quicksilver dragon simulacra (Depths:4)
  A wretched star (Abyss:1)
  A shadow wraith (Vaults:3)
  11 hell knights
  2 sixfirhies
  6 wizards
  6 iron trolls
  A deep troll (shapeshifter) (D:15)
  2 unseen horrors
  A golden dragon zombie (Depths:4)
  9 sea snakes
  31 deep trolls
  4 swamp dragons (Depths:3)
  2 flayed ghosts
  4 glowing orange brains
  4 phantasmal warriors
  13 deep elf archers
  A golden dragon skeleton (Depths:4)
  14 ironbrand convokers
  Pikel (D:7)
  21 orc knights
  3 necromancers
  43 harpies
  9 cyclopes
  A faun (shapeshifter) (Depths:2)
  9 shining eyes
  A fire giant zombie (Depths:4)
  85 deep elf magi
  25 wolf spiders
  14 orb spiders
  30 fauns
  35 ugly things
  6 manticores
  A shining eye (shapeshifter) (Depths:5)
  An oklob plant (Lair:1)
  4 orc sorcerers
  A guardian serpent (Desolation)
  4 elephants (Lair:3)
  15 merfolk sirens
  10 rust devils
  A black mamba (shapeshifter) (Vaults:3)
  2 molten gargoyles (Desolation)
  A smoke demon (Abyss:1)
  2 ice statues
  2 water nymphs
  2 eyes of devastation
  An eye of devastation (shapeshifter) (Vaults:3)
  4 black mambas
  2 gargoyles
  12 vault sentinels
  4 orange demons
  A large abomination (Abyss:1)
  A torpor snail (Spider:4)
  24 spiny frogs
  4 efreet (Depths:4)
  A komodo dragon (shapeshifter) (D:10)
  10 demonic crawlers
  A kobold demonologist (D:12)
  2 tormentors
  9 komodo dragons
  8 freezing wraiths
  46 yaktaurs
  5 tengu conjurers
  5 ice devils
  32 merfolk
  6 hellwings
  4 guardian mummies (Depths:2)
  7 red devils
  24 jumping spiders
  4 tyrant leeches (Lair:6)
  4 wind drakes (Shoals:4)
  7 trolls
  14 polar bears
  A wind drake (shapeshifter) (Vaults:2)
  42 blink frogs
  32 saltlings (Desolation)
  The ghost of Iflex the Poker, an amateur DsGl (Sewer)
  A raiju (shapeshifter) (Depths:4)
  9 hornets
  A troll (shapeshifter) (Elf:1)
  93 slime creatures
  10 snapping turtles
  A blink frog (shapeshifter) (Vaults:2)
  11 raiju (Abyss:1)
  2 dream sheep (Shoals:3)
  A stone giant simulacrum (Vaults:3)
  12 hippogriffs
  3 flying skulls (Depths:4)
  26 tarantellas
  7 air elementals
  2 shadows
  A centaur simulacrum (D:14)
  3 spriggans
  2 ynoxinuls
  70 redbacks
  A yak (shapeshifter) (Depths:3)
  3 vampires
  12 water elementals
  Sigmund (D:6)
  3 wyverns
  60 yaks
  15 wraiths
  Eustachio (D:6)
  2 basilisks
  Grum (D:8)
  6 hogs (Lair:5)
  5 hungry ghosts
  A fire elemental (Elf:2)
  5 golden eyes (Slime:5)
  A steam dragon (D:9)
  2 neqoxecs
  2 chaos spawn
  A human simulacrum (Vaults:2)
  7 vampire mosquitoes
  6 small abominations (Abyss:1)
  Edmund (D:4)
  A swamp worm (Depths:3)
  8 wargs
  2 acid dragons (Vaults:1)
  An acid dragon (shapeshifter) (D:15)
  13 water moccasins
  2 floating eyes
  A hydra simulacrum (Abyss:1)
  58 orc warriors
  10 porcupines
  A porcupine (shapeshifter) (Abyss:1)
  2 black bears
  3 swamp drakes (Depths:3)
  9 eyes of draining
  2 sky beasts
  4 ice beasts
  2 phantoms
  43 ogres
  24 centaurs
  9 boggarts
  4 slaves (D:7)
  25 wolves
  2 ettin simulacra (Depths:4)
  A crocodile (shapeshifter) (Depths:2)
  13 crocodiles
  24 bullfrogs
  A big kobold (shapeshifter) (Depths:1)
  7 big kobolds
  2 earth elementals
  A water moccasin zombie (D:11)
  A wyvern skeleton (D:14)
  6 scorpions
  8 killer bees
  17 wights
  5 electric eels
  7 howler monkeys
  5 crimson imps
  A bullfrog zombie (D:5)
  A quasit (Abyss:1)
  A bullfrog skeleton (D:9)
  3 human zombies (D:9)
  14 jellies
  4 centaur zombies
  7 hounds
  32 orc priests
  3 centaur skeletons
  4 iguanas
  2 human skeletons (D:9)
  13 worker ants
  29 orc wizards
  A killer bee zombie (D:10)
  2 hound skeletons
  An ogre skeleton (D:9)
  A mummy (D:9)
  3 gnolls (D:5)
  24 adders
  2 howler monkey skeletons
  3 river rats (Sewer)
  4 shadow imps
  A white imp (Abyss:1)
  7 oozes
  2 adder skeletons
  6 worms
  2 dart slugs (D:2)
  2 leopard geckos
  118 orcs
  9 giant cockroaches
  10 goblins
  8 hobgoblins
  13 jackals
  14 kobolds
  7 quokkas
  6 ball pythons
  7 bats
  5 frilled lizards
  A jackal zombie (D:6)
  A quokka zombie (D:7)
  12 rats
  6 crawling corpses (Elf:3)
  7 fungi
  A pillar of salt (Vaults:2)
  18 plants
  2 tentacles (Shoals:2)
2511 creatures vanquished.

Vanquished Creatures (collateral kills)
  2 emperor scorpions (Spider:4)
  2 ghost moths (Spider:4)
  A merfolk impaler (Shoals:2)
  A yaktaur captain (D:15)
  A two-headed ogre (D:15)
  A satyr (Shoals:2)
  A death yak (IceCv)
  A hell knight (D:15)
  2 manticores
  A water nymph (Shoals:2)
  2 polar bears (IceCv)
  3 hornets (Spider:4)
  A hippogriff (Shoals:2)
  A yak (IceCv)
20 creatures vanquished.

Vanquished Creatures (others)
  A vampire knight (Depths:3)
  A deep elf knight (Vaults:2)
  A deep troll (Depths:3)
  A deep elf archer (Vaults:2)
  A wolf spider (Spider:3)
  A jumping spider (Spider:2)
  A sky beast (D:10)
  2 ettin simulacra (Depths:4)
  An orc (Vaults:3)
  23 fungi
  12 pillars of salt (Vaults:2)
  109 plants
  4 starspawn tentacles (Abyss:1)
  3 tentacles (Shoals:2)
161 creatures vanquished.

Grand Total: 2692 creatures vanquished

Notes
Turn   | Place    | Note
-------+----------+-------------------------------------------
     0 | D:1      | nikopol the Gargoyle Berserker began the quest for the Orb.
     0 | D:1      | Reached XP level 1. HP: 14/14 MP: 1/1
   204 | D:1      | Reached XP level 2. HP: 12/19 MP: 2/2
   783 | D:1      | Reached XP level 3. HP: 16/24 MP: 3/3
   993 | D:1      | Reached ** piety under Trog
  1310 | D:2      | Reached skill level 4 in Fighting
  1504 | D:2      | Reached XP level 4. HP: 23/29 MP: 4/4
  2150 | D:3      | Reached XP level 5. HP: 26/33 MP: 5/5
  2366 | D:3      | Found an iron altar of Okawaru.
  2366 | D:3      | Found a hazy altar of Hepliaklqana.
  2558 | D:3      | Reached *** piety under Trog
  2944 | D:4      | Reached XP level 6. HP: 39/39 MP: 6/6
  3379 | D:4      | Reached skill level 5 in Axes
  3662 | D:4      | Noticed Edmund
  3672 | D:4      | Killed Edmund
  3672 | D:4      | Reached XP level 7. HP: 44/44 MP: 7/7
  3853 | D:5      | Entered Level 5 of the Dungeon
  3968 | D:5      | Found a glowing drain.
  3992 | Sewer    | Entered a sewer
  3995 | Sewer    | Noticed Iflex's ghost (amateur DsGl)
  4012 | Sewer    | Killed Iflex's ghost
  4012 | Sewer    | Reached skill level 5 in Fighting
  4254 | Sewer    | Reached skill level 5 in Armour
  4254 | Sewer    | Reached XP level 8. HP: 38/49 MP: 8/8
  4466 | Sewer    | Reached **** piety under Trog
  5310 | D:5      | Found a shadowy altar of Dithmenos.
  5423 | D:6      | Reached skill level 6 in Fighting
  5469 | D:6      | Noticed Eustachio
  5499 | D:6      | Killed Eustachio
  5499 | D:6      | Reached XP level 9. HP: 55/55 MP: 9/9
  5624 | D:6      | Noticed Sigmund
  5643 | D:6      | Killed Sigmund
  5789 | D:6      | Reached skill level 1 in Bows
  6023 | D:6      | Received a gift from Trog
  6805 | D:7      | Found an iron altar of Okawaru.
  6805 | D:7      | Found an ancient bone altar of Kikubaaqudgha.
  6896 | D:7      | Found a sparkling altar of Nemelex Xobeh.
  7202 | D:7      | Reached ***** piety under Trog
  7203 | D:7      | Noticed Pikel
  7227 | D:7      | Killed Pikel
  7227 | D:7      | Reached skill level 7 in Fighting
  7227 | D:7      | Reached XP level 10. HP: 39/63 MP: 10/10
  7495 | D:7      | Found a deep blue altar of Sif Muna.
  7517 | D:7      | Reached skill level 1 in Stealth
  7781 | D:7      | Found a white marble altar of Elyvilon.
  7781 | D:7      | Found a shimmering altar of Xom.
  7781 | D:7      | Found a hazy altar of Hepliaklqana.
  7782 | D:7      | Found a sparkling altar of Nemelex Xobeh.
  7782 | D:7      | Found a sparkling altar of Nemelex Xobeh.
  7782 | D:7      | Found a basalt altar of Yredelemnul.
  7782 | D:7      | Found a radiant altar of Vehumet.
  7783 | D:7      | Found a deep blue altar of Sif Muna.
  8224 | D:7      | Found a staircase to the Ecumenical Temple.
  8378 | D:8      | Noticed Grum
  8394 | D:8      | Killed Grum
  9273 | D:8      | Reached skill level 5 in Bows
  9567 | D:9      | Received a gift from Trog
  9615 | D:9      | Noticed Gastronok
  9632 | D:9      | Killed Gastronok
  9632 | D:9      | Reached skill level 10 in Axes
  9930 | D:9      | Reached skill level 8 in Fighting
  9958 | D:9      | Reached XP level 11. HP: 57/68 MP: 11/11
 10374 | D:9      | Found a shattered altar of Ashenzari.
 10712 | D:9      | Found a deep blue altar of Sif Muna.
 11181 | D:9      | Found a basalt altar of Yredelemnul.
 11647 | D:9      | Noticed a two-headed ogre
 11647 | D:9      | Noticed a two-headed ogre
 11658 | D:9      | Killed a two-headed ogre
 11660 | D:9      | Killed a two-headed ogre
 11758 | D:10     | Entered Level 10 of the Dungeon
 11988 | D:10     | Found a blossoming altar of Fedhas.
 11996 | D:10     | Reached skill level 9 in Fighting
 12130 | D:10     | Noticed a manticore
 12145 | D:10     | Killed a manticore
 12341 | D:10     | Received a gift from Trog
 12388 | D:10     | Noticed Josephine
 12432 | D:10     | Killed Josephine
 12432 | D:10     | Reached XP level 12. HP: 13/76 MP: 12/12
 12805 | D:10     | Noticed a two-headed ogre
 12814 | D:10     | Killed a two-headed ogre
 12880 | D:10     | Noticed a four-headed hydra
 12887 | D:10     | Killed a four-headed hydra
 13175 | D:10     | Found a staircase to the Orcish Mines.
 13435 | D:10     | Found a staircase to the Lair.
 13826 | Lair:1   | Entered Level 1 of the Lair of Beasts
 13826 | Lair:1   | Noticed an eight-headed hydra
 13831 | Lair:1   | Killed an eight-headed hydra
 13831 | Lair:1   | Reached skill level 10 in Fighting
 13876 | Lair:1   | Found a frozen archway.
 14143 | IceCv    | Entered an ice cave
 14835 | IceCv    | Reached XP level 13. HP: 80/83 MP: 13/13
 15415 | IceCv    | Reached skill level 11 in Fighting
 15463 | IceCv    | Received a gift from Trog
 15662 | IceCv    | Noticed a frost giant
 15670 | IceCv    | Killed a frost giant
 16621 | Lair:1   | Reached skill level 10 in Armour
 17645 | Lair:2   | Received a gift from Trog
 17649 | Lair:2   | Reached skill level 10 in Bows
 18617 | Lair:3   | Received a gift from Trog
 18981 | Lair:3   | Found a staircase to the Shoals.
 19096 | Lair:3   | Reached skill level 12 in Fighting
 19510 | Lair:4   | Gained mutation: Your large and strong wings let you fly indefinitely. [Gargoyle growth]
 19510 | Lair:4   | Reached XP level 14. HP: 86/92 MP: 14/14
 19966 | Lair:4   | Found a hole to the Spider Nest.
 20081 | Lair:4   | Received a gift from Trog
 20587 | Lair:4   | Noticed an emperor scorpion
 20610 | Lair:4   | Killed an emperor scorpion
 21182 | Lair:5   | Reached ****** piety under Trog
 21315 | Lair:5   | Received a gift from Trog
 21718 | Lair:5   | Found a staircase to the Slime Pits.
 21723 | Lair:5   | Received a gift from Trog
 21826 | Lair:5   | Received a gift from Trog
 21873 | Lair:5   | Noticed Kirke
 21899 | Lair:5   | Killed Kirke
 22692 | Lair:6   | Entered Level 6 of the Lair of Beasts
 22791 | Lair:6   | Reached skill level 13 in Fighting
 23231 | Lair:6   | Got a jasper-encrusted scale mail
 23305 | Lair:6   | Reached XP level 15. HP: 36/99 MP: 5/15
 23954 | Lair:5   | Received a gift from Trog
 24402 | Lair:5   | Reached skill level 15 in Axes
 24501 | Lair:5   | Identified the +2 scale mail of Hufimok {rF+} (You found it on level 6 of the Lair of Beasts)
 25464 | Orc:1    | Entered Level 1 of the Orcish Mines
 25708 | Orc:1    | Cast into level 1 of the Abyss (orc warrior)
 25803 | Abyss:1  | Noticed a tentacled starspawn
 25808 | Abyss:1  | Gained mutation: You do not regenerate when monsters are visible. [a neqoxec]
 25822 | Abyss:1  | Noticed a red draconian shifter
 25833 | Abyss:1  | Killed a red draconian shifter
 25934 | Abyss:1  | Reached skill level 14 in Fighting
 26091 | Abyss:1  | Noticed a tentacled starspawn
 26101 | Abyss:1  | Killed a tentacled starspawn
 26135 | Abyss:1  | Noticed a cacodemon
 26145 | Abyss:1  | Gained mutation: Scrolls take you a little longer to read. [a cacodemon]
 26154 | Abyss:1  | Killed a cacodemon
 26173 | Abyss:1  | Received a gift from Trog
 26742 | Abyss:1  | Found a corrupted altar of Lugonu.
 26815 | Orc:1    | Escaped the Abyss
 27359 | Orc:2    | Entered Level 2 of the Orcish Mines
 27512 | Orc:2    | Found a roughly hewn altar of Beogh.
 27512 | Orc:2    | Found Lyakom's Jewellery Shop.
 27720 | Orc:2    | Found a staircase to the Elven Halls.
 28205 | Orc:2    | Received a gift from Trog
 28215 | Orc:2    | Noticed an orc warlord
 28242 | Orc:2    | Killed an orc warlord
 28242 | Orc:2    | Reached XP level 16. HP: 84/107 MP: 5/16
 28368 | Orc:2    | Found Hiajo's Antique Weapon Shoppe.
 28370 | Orc:2    | Found a roughly hewn altar of Beogh.
 28373 | Orc:2    | Found Feogug's Antique Armour Emporium.
 28387 | Orc:2    | Bought a bone battleaxe for 276 gold pieces
 28396 | Orc:2    | Identified the +1 battleaxe of a Spat {drain, rF+ Dex+4} (You bought it in a shop on level 2 of the Orcish Mines)
 28594 | Orc:2    | Found a roughly hewn altar of Beogh.
 28742 | Orc:2    | Found a roughly hewn altar of Beogh.
 28912 | Orc:2    | Found a roughly hewn altar of Beogh.
 28919 | Orc:2    | Found Yrezudwe's Antique Weapon Shop.
 30402 | D:12     | Received a gift from Trog
 31003 | D:13     | Noticed Snorg
 31013 | D:13     | Killed Snorg
 31753 | D:14     | Found a gate to the Vaults.
 31795 | D:13     | Reached skill level 15 in Fighting
 32581 | D:14     | Found a blossoming altar of Fedhas.
 33066 | D:14     | Reached skill level 5 in Dodging
 33150 | D:15     | Entered Level 15 of the Dungeon
 33409 | D:15     | Received a gift from Trog
 34092 | D:15     | Found a staircase to the Depths.
 34848 | Spider:1 | Entered Level 1 of the Spider Nest
 35148 | Spider:1 | Noticed Agnes
 35163 | Spider:1 | Killed Agnes
 35172 | Spider:1 | Reached XP level 17. HP: 77/114 MP: 1/17
 35497 | Spider:1 | Received a gift from Trog
 35920 | Spider:2 | Noticed Arachne
 36052 | Spider:2 | Killed Arachne
 36512 | Spider:2 | Reached skill level 16 in Fighting
 36617 | Spider:2 | Identified the Papyrus of Fiery Earth
 37738 | Spider:3 | Received a gift from Trog
 38210 | Spider:4 | Entered Level 4 of the Spider Nest
 40224 | Spider:4 | Received a gift from Trog
 40233 | Spider:4 | Got a pitted longbow {god gift}
 40341 | Spider:4 | Got a gossamer rune of Zot
 40348 | Spider:4 | Identified the +10 longbow of Heresy {speed, rN+ Str+4 Int+3 Dex-3} (Trog gifted it to you on level 4 of the Spider Nest)
 40479 | Spider:4 | Reached XP level 18. HP: 117/122 MP: 6/18
 40919 | Shoals:1 | Entered Level 1 of the Shoals
 41117 | Shoals:1 | Noticed itsmu's ghost (adept DEEE)
 41257 | Shoals:1 | Killed itsmu's ghost
 41257 | Shoals:1 | Reached skill level 15 in Bows
 41745 | Shoals:2 | Got a crude chain mail
 41756 | Shoals:2 | Identified the cursed +1 chain mail of the Vacuum {Int+4} (You found it on level 2 of the Shoals)
 42132 | Shoals:2 | Received a gift from Trog
 42318 | Shoals:2 | Reached skill level 17 in Fighting
 43543 | Shoals:3 | Found Iruniefo's Assorted Antiques.
 43871 | Shoals:3 | Bought a scroll of enchant weapon for 225 gold pieces
 44102 | Shoals:3 | Got a brightly glowing scale mail
 44113 | Shoals:3 | Identified the +8 scale mail of the Sacrificial Victim {rC+++ rN+ MP-9 Str+2} (You found it on level 3 of the Shoals)
 44470 | Shoals:4 | Entered Level 4 of the Shoals
 44828 | Shoals:4 | Received a gift from Trog
 45312 | Shoals:4 | Received a gift from Trog
 45374 | Shoals:4 | Noticed Ilsuiw
 45398 | Shoals:4 | Killed Ilsuiw
 45723 | Shoals:4 | Reached XP level 19. HP: 115/128 MP: 10/19
 45962 | Shoals:4 | Received a gift from Trog
 46193 | Shoals:4 | Got a barnacled rune of Zot
 46205 | Shoals:4 | Received a gift from Trog
 46834 | Shoals:4 | Received a gift from Trog
 47353 | Vaults:1 | Entered Level 1 of the Vaults
 47449 | Vaults:1 | Noticed Nikola
 47462 | Vaults:1 | Killed Nikola
 47462 | Vaults:1 | Reached skill level 18 in Fighting
 47584 | Vaults:1 | Received a gift from Trog
 47721 | Vaults:1 | Received a gift from Trog
 48099 | Vaults:1 | Found a burning altar of Makhleb.
 48207 | Vaults:1 | Found Caepesit's Gadget Emporium.
 48374 | Vaults:1 | Found a portal to a secret trove of treasure.
 48970 | Vaults:1 | Reached XP level 20. HP: 137/137 MP: 11/20
 49339 | Vaults:1 | Received a gift from Trog
 49532 | Vaults:1 | Found Loabasoi's Antique Weapon Boutique.
 49755 | Vaults:1 | Received a gift from Trog
 50089 | Vaults:2 | Noticed Asterion
 50096 | Vaults:2 | Killed Asterion
 50181 | Vaults:2 | Found a ruined gateway.
 50193 | Desolati | Entered the Desolation of Salt
 50842 | Desolati | Got a heavily runed lapis lazuli ring
 50900 | Desolati | Identified the ring of Xom's Delight {Wiz +Blink} (You found it in the Desolation of Salt)
 50937 | Desolati | Received a gift from Trog
 51440 | Desolati | Got a sparkling iron ring
 51454 | Desolati | Identified the ring "Hehuloux" {Str+3 SInv} (You found it in the Desolation of Salt)
 51499 | Desolati | Reached skill level 19 in Fighting
 51858 | Desolati | Got a heavily runed amethyst amulet
 52787 | Vaults:2 | Noticed Saint Roka
 52891 | Vaults:2 | Noticed Boris
 53207 | Vaults:2 | Noticed Mennas
 53221 | Vaults:1 | Killed Boris
 53221 | Vaults:1 | Reached XP level 21. HP: 144/144 MP: 4/21
 53391 | Vaults:1 | Killed Mennas
 53391 | Vaults:1 | Received a gift from Trog
 53747 | Vaults:2 | Killed Saint Roka
 55881 | Vaults:3 | Received a gift from Trog
 56190 | Vaults:3 | Found a staircase to the Crypt.
 56493 | Vaults:3 | Found a roughly hewn altar of Beogh.
 57208 | Vaults:3 | Received a gift from Trog
 57461 | Vaults:4 | Reached skill level 20 in Fighting
 57613 | Vaults:4 | Received a gift from Trog
 58011 | Vaults:4 | Reached XP level 22. HP: 147/152 MP: 4/22
 58071 | Vaults:4 | Received a gift from Trog
 58509 | Vaults:4 | Noticed Aizul
 58517 | Vaults:4 | Killed Aizul
 59545 | Vaults:4 | Received a gift from Trog
 59793 | Vaults:4 | Received a gift from Trog
 60320 | Depths:1 | Entered Level 1 of the Depths
 60593 | Depths:1 | Found a burning altar of Makhleb.
 60602 | Depths:1 | Received a gift from Trog
 60947 | Depths:1 | Found a one-way gate to the infinite horrors of the Abyss.
 61020 | Depths:1 | Found a gateway to Hell.
 61668 | Depths:2 | Reached skill level 21 in Fighting
 61918 | Depths:2 | Received a gift from Trog
 62502 | Depths:2 | Reached XP level 23. HP: 160/160 MP: 4/23
 62530 | Depths:2 | Noticed a greater mummy
 62539 | Depths:2 | Killed a greater mummy
 62780 | Depths:2 | Noticed a greater mummy
 62799 | Depths:2 | Killed a greater mummy
 63055 | Depths:2 | Found a gateway to a ziggurat.
 63757 | Depths:2 | HP: 7/160 [daeva/divine providence (15)]
 64175 | Depths:2 | Noticed a greater mummy
 64189 | Depths:2 | Killed a greater mummy
 64551 | Depths:2 | Received a gift from Trog
 65015 | Depths:2 | Upgraded the game from 0.20.0-6-gd3061e9 to 0.20.0-7-g3b7b877
 65210 | Depths:3 | Found a one-way gate leading to the halls of Pandemonium.
 65525 | Depths:2 | Noticed a juggernaut
 65536 | Depths:2 | Killed a juggernaut
 65536 | Depths:2 | Reached skill level 22 in Fighting
 65641 | Depths:2 | Received a gift from Trog
 66176 | Depths:3 | Noticed Louise
 66193 | Depths:3 | Killed Louise
 67104 | Depths:3 | Received a gift from Trog
 67160 | Depths:3 | Reached XP level 24. HP: 169/169 MP: 14/23
 67688 | Depths:4 | Found a shadowy altar of Dithmenos.
 67719 | Depths:4 | Identified the amulet of Rempena {Inacc rPois rC+} (You found it in the Desolation of Salt)
 67772 | Depths:4 | Noticed a caustic shrike
 67775 | Depths:4 | Noticed a caustic shrike
 67778 | Depths:4 | Noticed a caustic shrike
 67788 | Depths:4 | Killed a caustic shrike
 67789 | Depths:4 | Killed a caustic shrike
 67789 | Depths:4 | Reached skill level 15 in Armour
 67793 | Depths:4 | Killed a caustic shrike
 68034 | Depths:4 | Found a glowing silver altar of Zin.
 68060 | Depths:4 | Reached skill level 23 in Fighting
 68806 | Depths:4 | Found a hide-covered altar of Uskayaw.
 68871 | Depths:4 | Noticed a caustic shrike
 68872 | Depths:4 | Noticed a caustic shrike
 68873 | Depths:4 | Noticed a caustic shrike
 68878 | Depths:4 | Killed a caustic shrike
 68878 | Depths:4 | Received a gift from Trog
 68879 | Depths:4 | Noticed a caustic shrike
 68896 | Depths:4 | Killed a caustic shrike
 68900 | Depths:4 | HP: 7/256 [acid (12)]
 68901 | Depths:4 | Killed a caustic shrike
 69586 | Depths:4 | Killed a caustic shrike
 69870 | Depths:4 | Found an ancient bone altar of Kikubaaqudgha.
 70006 | Depths:4 | Noticed a caustic shrike
 70006 | Depths:4 | Noticed a caustic shrike
 70017 | Depths:4 | Killed a caustic shrike
 70017 | Depths:4 | Killed a caustic shrike
 70083 | Depths:4 | Reached XP level 25. HP: 112/178 MP: 10/23
 70348 | Depths:4 | Received a gift from Trog
 70414 | Depths:4 | Reached skill level 24 in Fighting
 71247 | Depths:4 | Got a flickering iron ring
 71302 | Depths:4 | Got a transparent wooden ring
 71621 | Depths:5 | Entered Level 5 of the Depths
 71894 | Depths:5 | Received a gift from Trog
 72809 | Depths:5 | Found a gate to the Realm of Zot.
 73383 | Depths:5 | Identified the ring "Varhetac" {rF+ MR+ Dex+9 SInv} (You took it off a spriggan berserker on level 4 of the Depths)
 73424 | Depths:5 | Received a gift from Trog
 74038 | Elf:1    | Entered Level 1 of the Elven Halls
 74053 | Elf:1    | Reached skill level 25 in Fighting
 74069 | Elf:1    | Found a radiant altar of Vehumet.
 74832 | Elf:2    | Found Ramuzat's Book Shop.
 74855 | Elf:2    | Received a gift from Trog
 74875 | Elf:2    | Identified the ring of Coucwiuc {*Corrode rF+ rC+ rN+} (You took it off a spriggan berserker on level 4 of the Depths)
 74938 | Elf:2    | Reached XP level 26. HP: 188/188 MP: 14/23
 75042 | Elf:2    | Found Lodept's Book Emporium.
 75165 | Elf:2    | Found Ritzy's Magic Scroll Shop.
 75171 | Elf:2    | Bought a scroll of teleportation for 39 gold pieces
 75211 | Elf:2    | Found Zoqeumim's Antique Armour Boutique.
 75217 | Elf:2    | Found Zadghecw's Distillery.
 75221 | Elf:2    | Bought an obsidian-encrusted scale mail for 378 gold pieces
 75233 | Elf:2    | Identified the cursed +1 scale mail of Impressiveness {Regen+ Int+4} (You bought it in a shop on level 2 of the Elven Halls)
 75252 | Elf:2    | Bought a potion of heal wounds for 65 gold pieces
 75252 | Elf:2    | Bought a potion of heal wounds for 65 gold pieces
 75354 | Elf:2    | Found a runed gate.
 75354 | Elf:2    | Found a runed gate.
 75354 | Elf:2    | Found a runed gate.
 75549 | Elf:2    | Received a gift from Trog
 75670 | Elf:2    | Noticed Donald
 75676 | Elf:2    | Killed Donald
 75733 | Elf:2    | Received a gift from Trog
 75936 | Elf:3    | Entered Level 3 of the Elven Halls
 76518 | Elf:3    | Received a gift from Trog
 76552 | Elf:3    | Reached skill level 26 in Fighting
 76566 | Elf:3    | Got a warped amber ring
 76683 | Elf:3    | Received a gift from Trog
 76792 | Elf:3    | Got a vibrating glass ring
 76807 | Elf:3    | Got a warped jade ring
 76924 | Elf:3    | Got an ancient battleaxe
 76925 | Elf:3    | Identified the +7 battleaxe of the Imperium {chop, +Inv rN+ Int+3} (You found it on level 3 of the Elven Halls)
 77009 | Elf:3    | Identified the ring "Ojyuny" {rC+ rN++ MR+ Int-4 SInv} (You took it off a deep elf annihilator on level 3 of the Elven Halls)
 77011 | Elf:3    | Identified the ring of Atonwewe {rN++ Str+2} (You took it off a deep elf annihilator on level 3 of the Elven Halls)
 77013 | Elf:3    | Identified the ring of Wishful Thinking {Ice Str+2} (You took it off a deep elf high priest on level 3 of the Elven Halls)
 77136 | Elf:3    | Received a gift from Trog
 77217 | Elf:3    | Found an ancient bone altar of Kikubaaqudgha.
 77818 | Slime:1  | Entered Level 1 of the Pits of Slime
 78039 | Slime:1  | Received a gift from Trog
 78615 | Slime:2  | Reached XP level 27. HP: 196/196 MP: 14/23
 78738 | Slime:2  | Gained mutation: You are occasionally teleported next to monsters. [a shining eye]
 79383 | Slime:3  | Received a gift from Trog
 79669 | Slime:3  | Gained mutation: Your spells are a little easier to cast, but a little less powerful. [a shining eye]
 80034 | Slime:4  | Noticed Dissolution
 80043 | Slime:4  | Killed Dissolution
 80202 | Slime:4  | Received a gift from Trog
 80610 | Slime:5  | Entered Level 5 of the Pits of Slime
 81329 | Slime:5  | Reached skill level 5 in Stealth
 81474 | Slime:5  | Found a viscous altar of Jiyva.
 81502 | Slime:5  | Noticed the Royal Jelly
 81537 | Slime:5  | Killed the Royal Jelly
 81537 | Slime:5  | Reached skill level 27 in Fighting
 81542 | Slime:4  | HP: 11/298 [acid (11)]
 81544 | Slime:4  | HP: 3/298 [acid (5)]
 81547 | Slime:4  | Splashed by an acid blob's acid

Skill      XL: |  1  2  3  4  5  6  7  8  9 10 11 12 13 14 15 16 17 18 19 20 21 22 23 24 25 26 27 |
---------------+----------------------------------------------------------------------------------+-----
Axes           | 3 4 5 6 8 9 10 11 12 13 14 15 16 17 18 19 20 21 | 21.8
Fighting       | 4 5 6 7 8 9 10 12 13 14 15 16 17 18 19 20 21 22 23 25 26 27 | 27.0
Dodging        | 2 3 4 5 6 7 8 9 |  9.4
Armour         | 3 4 5 6 7 8 9 10 11 12 13 14 15 16 | 16.2
Bows           | 4 6 7 9 10 11 13 14 16 17 18 19 20 21 23 | 23.4
Stealth        | 1 2 3 4 5 |  5.0
Evocations     | |  0.6

Action                   |  1- 3 |  4- 6 |  7- 9 | 10-12 | 13-15 | 16-18 | 19-21 | 22-24 | 25-27 || total
-------------------------+-------+-------+-------+-------+-------+-------+-------+-------+-------++-------
Melee: Hand axe          |   148 |   175 |       |       |       |       |       |       |       ||   323
       War axe           |       |    29 |   378 |   570 |       |       |       |       |       ||   977
       Broad axe         |       |       |       |    12 |       |       |       |       |       ||    12
       Battleaxe         |       |       |       |   204 |   587 |   648 |   545 |   565 |   324 ||  2873
 Fire: Shortbow          |       |       |    86 |   305 |   975 |   753 |       |       |       ||  2119
       Longbow           |       |       |       |       |       |   456 |  1085 |   990 |  1187 ||  3718
Invok: Berserk           |     1 |     3 |     4 |     7 |     7 |     6 |     6 |     4 |     3 ||    41
       Burn Spellbooks   |       |     1 |       |     2 |     2 |     6 |     3 |       |     4 ||    18
       Brothers in Arms  |       |       |       |       |     1 |     3 |     3 |       |       ||     7
       Trog's Hand       |       |       |       |       |     3 |     1 |     2 |     2 |       ||     8
 Abil: Fly               |       |       |       |       |     1 |     2 |       |     1 |       ||     4
       Stop Flying       |       |       |       |       |     1 |     1 |     1 |       |     1 ||     4
Evoke: Wand              |       |       |       |       |       |     1 |       |     2 |       ||     3
  Use: Scroll            |       |       |     2 |    13 |     8 |    18 |    12 |     9 |    17 ||    79
       Potion            |       |       |       |       |       |     1 |     8 |     2 |     1 ||    12
 Stab: Distracted        |       |       |       |       |       |     1 |       |       |       ||     1
       Sleeping          |       |       |       |       |       |       |     1 |       |       ||     1
  Eat: Chunk             |     3 |     9 |    16 |    60 |    49 |    64 |    44 |    41 |    22 ||   308
       Royal jelly       |       |       |       |       |       |       |       |       |     2 ||     2
Armor: Animal skin       |    67 |       |       |       |       |       |       |       |       ||    67
       Chain mail        |       |   125 |   296 |   536 |   386 |   625 |       |       |       ||  1968
       Scale mail        |       |       |       |       |    79 |   236 |   412 |   421 |   328 ||  1476
Dodge: Dodged            |   127 |    94 |   208 |   407 |   378 |   596 |   371 |   426 |   282 ||  2889
